 Dungeon Crawl Stone Soup version 0.27-a0-1217-g8a41f320e8 (webtiles) character file.

Game seed: 13865132013434271121

6 polve the Skirmisher (level 1, -1/18 HPs)
             Began as a Demonspawn Abyssal Knight on June 5, 2021.
             Was an Initiate of Lugonu.
             Slain by a jackal (2 damage)
             ... on level 1 of the Dungeon.
             The game lasted 00:01:13 (417 turns).

polve the Skirmisher (Demonspawn Abyssal Knight)     Turns: 417, Time: 00:01:14

Health: -1/18      AC:  3    Str: 12    XL:     1   Next: 75%
Magic:  2/2        EV:  8    Int: 13    God:    Lugonu [......]
Gold:   9          SH:  6    Dex: 12    Spells: 0/0 levels left

rFire    . . .     SeeInvis .   a - +1 short sword
rCold    . . .     Faith    .   d - +0 kite shield
rNeg     . . .     Spirit   .   b - +0 leather armour
rPois    .         Reflect  .   (no helmet)
rElec    .         Harm     .   (no cloak)
rCorr    .         Rampage  .   (no gloves)
Will     .....                  (no boots)
Stlth    +.........             (no amulet)
HPRegen  0.06/turn              (no ring)
MPRegen  0.08/turn              (no ring)

@: no status effects
A: no striking features
a: Renounce Religion


You were on level 1 of the Dungeon.
You worshipped Lugonu.
Lugonu was noncommittal.
You visited 1 branch of the dungeon, and saw 1 of its levels.
You visited the Abyss 1 time.

You collected 9 gold pieces.

Inventory:

Hand Weapons
 a - a +1 short sword (weapon)
Armour
 b - a +0 leather armour (worn)
 d - a +0 kite shield (worn)
Scrolls
 c - a scroll of blinking {unknown}
Potions
 e - a potion of brilliance {unknown}


   Skills:
 - Level 3.0 Fighting
 + Level 2.3 Short Blades
 - Level 1.7 Armour
 - Level 0.8 Dodging
 - Level 2.4 Invocations


You couldn't memorise any spells.
You didn't know any spells.
Your spell library was empty.

Dungeon Overview and Level Annotations

Branches:
Dungeon (1/15)

Altars:


Message History

You block the jackal's attack. The ball python closely misses you.
The ball python grabs you. The ball python constricts you.
The jackal closely misses you.
You escape the ball python's grasp.
A rat comes into view.
You swing at nothing.
The ball python completely misses you. The ball python barely misses you.
You hit the ball python.
You kill the ball python!
Lugonu accepts your kill.
The jackal bites you but does no damage.
You block the rat's attack.
You hit the jackal.
The jackal is heavily wounded.
You block the jackal's attack.
The jackal bites you but does no damage.
The rat bites you. You block the jackal's attack.
The jackal closely misses you.
You hit the jackal but do no damage.
The jackal is moderately wounded.
The jackal barely misses you. The jackal bites you. The rat bites you.
The jackal bites you but does no damage.
You hit the jackal.
The jackal is severely wounded.
The jackal closely misses you. The rat barely misses you.
The jackal completely misses you. The jackal bites you.
* * * LOW HITPOINT WARNING * * *
You barely miss the jackal.
The jackal is severely wounded.
The jackal bites you.
* * * LOW HITPOINT WARNING * * *
The jackal barely misses you. The rat completely misses you.
The jackal bites you.
* * * LOW HITPOINT WARNING * * *
You block the jackal's attack. The rat bites you but does no damage.
You closely miss the jackal.
The jackal is severely wounded.
The jackal barely misses you. You block the jackal's attack.
The jackal closely misses you. The rat barely misses you. The jackal bites you.
You die...

## #........##.....#
...#####..............#
#.........?...........#
####..................#
#.#.................
###.#.................
#....h#.....†.........
###.#h#...............
#$.#@#..#..†.........
#. #rh..#............
## ...#.#..#.........
..#.#....#.##.##### #..
......#.#..# #..
..........### ...
.#.###......#### #...
.........#.#.#.#
#####.#.#.#.#.


You could see 3 jackals and a rat.

Vanquished Creatures
  2 bats (D:1)
  A jackal (D:1)
  2 ball pythons (D:1)
  2 rats (D:1)
7 creatures vanquished.

Notes
Turn   | Place    | Note
-------+----------+-------------------------------------------
     0 | Abyss:1  | polve the Demonspawn Abyssal Knight began the quest for the
                  | Orb.
     0 | Abyss:1  | Reached XP level 1. HP: 18/18 MP: 2/2
    61 | Abyss:1  | Noticed a spatial vortex
    88 | Abyss:1  | Found a corrupted altar of Lugonu.
   168 | Abyss:1  | Found a corrupted altar of Lugonu.
   246 | Abyss:1  | Noticed a raiju
   247 | D:1      | Escaped the Abyss
   417 | D:1      | Slain by a jackal

Illustrated notes

Levels and vault maps discovered:
D:1:      lightli_arrival_chessboard, layout_rooms, serial_shops,
          nicolae_shop_crystal, hellmonk_ecumenical_altar_arch_garden,
          interstate_on_off, chequers_serial_rivers_small_b,
          minmay_misc_feat_columns

Skill      XL: |  1 |
---------------+----+-----
Short Blades   | 2 |  2.3
Fighting       | |  3.0
Armour         | |  1.7
Dodging        | |  0.8
Invocations    | |  2.4

Action                   || total
-------------------------++-------
Melee: Short sword       ||    26
Invok: Depart the Abyss  ||     1
Armor: Leather armour    ||    13
Dodge: Dodged            ||    22
Block: Kite shield       ||    17

Table legend: (Time is in decaauts)
 A = Elapsed time spent in this place.
 B = Non-inter-level travel time spent in this place.
 C = Inter-level travel time spent in this place.
 D = Time resting spent in this place.
 E = Time spent auto-exploring this place.
 F = Levels seen in this place.
 G = Mean time per level.
                   A        B        C        D        E       F      G
               +--------+--------+--------+--------+--------+-----+--------+
         Total |    424 |    424 |      0 |      0 |    309 |   2 |  212.0 |
       Dungeon |    177 |    177 |      0 |      0 |    122 |   1 |  177.0 |
         Abyss |    247 |    247 |      0 |      0 |    187 |   1 |  247.0 |
               +--------+--------+--------+--------+--------+-----+--------+

Top non-repeatable levels by time:
 Abyss:1: 247 daAuts
     D:1: 177 daAuts
